 Dungeon Crawl Stone Soup version 0.22-a0-135-g6f012ad (webtiles) character file.

114 Lathuz the Skirmisher (level 4, -1/30 HPs)
             Began as a Gargoyle Fighter on Jan 31, 2018.
             Slain by Soeti's ghost (3 damage)
             ... on level 3 of the Dungeon.
             The game lasted 00:03:44 (1930 turns).

Lathuz the Skirmisher (Gargoyle Fighter)            Turns: 1930, Time: 00:03:44

Health: -1/30      AC: 11    Str: 19    XL:     4   Next: 97%
Magic:  4/4        EV:  7    Int:  9    God:
Gold:   127        SH:  9    Dex: 10    Spells: 3/3 levels left

rFire    . . .     SeeInvis .   a - +0 flail
rCold    . . .     Gourm    .   c - +0 shield
rNeg     + . .     Faith    .   b - +0 scale mail
rPois    ∞         Spirit   .   (no helmet)
rElec    +         Reflect  .   (no cloak)
rCorr    .         Harm     .   (no gloves)
MR       .....                  q - +0 pair of boots
Stlth    ..........             (no amulet)
HPRegen  0.10/turn              (no ring)
MPRegen  0.09/turn              (no ring)

@: no status effects
A: negative energy resistance 1, electricity resistance, unbreathing,
petrification resistance, rot immunity, AC +3
a: no special abilities


You were on level 3 of the Dungeon.
You were not hungry.

You visited 1 branch of the dungeon, and saw 3 of its levels.

You collected 127 gold pieces.

Inventory:

Hand Weapons
 a - a +0 flail (weapon)
Missiles
 i - 102 stones (quivered)
Armour
 b - a +0 scale mail (worn)
 c - a +0 shield (worn)
 q - a +0 pair of boots (worn)
Jewellery
 n - an uncursed ring of fire {unknown}
Scrolls
 k - 2 scrolls of remove curse {unknown}
 l - 5 scrolls of identify {unknown}
 o - a scroll of enchant weapon {unknown}
 r - 2 scrolls of blinking {unknown}
Potions
 d - a potion of might
 e - a potion of degeneration {unknown}
 h - a potion of brilliance {unknown}
 m - a potion of lignification {unknown}
 p - 2 potions of mutation {unknown}
Comestibles
 f - 4 rations
 g - 4 chunks of flesh


   Skills:
 + Level 4.3 Fighting
 * Level 4.2 Maces & Flails
 - Level 3.2 Armour
 - Level 3.2 Shields


You had 3 spell levels left.
You didn't know any spells.

Dungeon Overview and Level Annotations

Branches:
Dungeon (3/15)

Altars:
Dithmenos
Qazlal

Annotations:
D:3 Soeti's ghost, weakling TrFi


Innate Abilities, Weirdness & Mutations

You are resistant to torment.
Your stone body is resilient. (AC +3)
You are immune to poison.
You resist negative energy. (rN+)
You are resistant to electric shocks. (rElec)
You can survive without breathing.
You are immune to petrification.
You are immune to rotting.


Message History

Soeti's ghost hits you but does no damage.
You hit Soeti's ghost.
Soeti's ghost is moderately damaged.
Soeti's ghost hits you but does no damage. x2
You barely miss Soeti's ghost.
Soeti's ghost is moderately damaged.
Soeti's ghost hits you.
* * * LOW HITPOINT WARNING * * *
You sock Soeti's ghost!
Soeti's ghost is severely damaged.
Soeti's ghost hits you.
* * * LOW HITPOINT WARNING * * *
You closely miss Soeti's ghost.
Soeti's ghost is severely damaged.
Soeti's ghost hits you!
* * * LOW HITPOINT WARNING * * *
You closely miss Soeti's ghost.
Soeti's ghost is severely damaged.
Soeti's ghost hits you.
You die...

.###.##.# . ####.##.# .#
.....##.# #.##
#######.### #...## ##
#...# #)....# .## ###.#
###....... ..## #.#
#.(†.._... ...## ##.##
#W#.......
....####...#####@##....(#
....+.............##W..##
....####...######## #.##
.<.## #........# ... ..##
#.#.####.# .## .##
#.#...##.# # ##
#.###.##.# # #.# #.##.# #
#.###.##.#


You could see Soeti's ghost.

Vanquished Creatures
  6 adders
  A dart slug (D:2)
  A ball python (D:1)
  4 giant cockroaches (D:2)
  9 goblins
  8 hobgoblins
  8 kobolds
  9 bats
  6 frilled lizards
  5 rats
57 creatures vanquished.

Notes
Turn   | Place    | Note
-------+----------+-------------------------------------------
     0 | D:1      | Lathuz the Gargoyle Fighter began the quest for the Orb.
     0 | D:1      | Reached XP level 1. HP: 14/14 MP: 1/1
   112 | D:1      | Reached XP level 2. HP: 13/19 MP: 2/2
   531 | D:1      | Reached XP level 3. HP: 24/24 MP: 3/3
  1587 | D:2      | Reached XP level 4. HP: 29/29 MP: 4/4
  1610 | D:2      | Found a stormy altar of Qazlal.
  1909 | D:3      | Found a shadowy altar of Dithmenos.
  1911 | D:3      | Noticed Soeti's ghost (weakling TrFi)
  1930 | D:3      | Slain by Soeti's ghost

Vault maps used:
D:1:      co_arrival_square_in_a_square_in_a_square, minmay_tetromino_i4
D:2:      lemuel_doored_altar
D:3:      lemuel_round_altar, minmay_cut_off

Skill      XL: |  1  2  3  4 |
---------------+-------------+-----
Maces & Flails | 3 4 |  4.2
Fighting       | 4 |  4.3
Armour         | |  3.2
Shields        | |  3.2

Action                   |  1- 3 |  4- 6 || total
-------------------------+-------+-------++-------
Melee: Flail             |   154 |    52 ||   206
Throw: Javelin           |    39 |    17 ||    56
       Stone             |     5 |     1 ||     6
  Eat: Chunk             |     2 |     2 ||     4
Armor: Scale mail        |    87 |    28 ||   115
Dodge: Dodged            |    42 |    15 ||    57
Block: Shield            |    76 |    20 ||    96

Table legend:
 A = Spawn XP
 B = Non-spawn XP
 C = Spawn XP percentage of total XP
 D = Spawn monster count
 E = Non-spawn monster count
 F = Spawn count percentage of total count
 G = Total turns spent on level
                    A         B        C        D         E        F      G
               +---------+---------+-------+---------+---------+-------+---------
         Total |       0 |     163 |   0.0 |       0 |      57 |   0.0 |  1930
               +---------+---------+-------+---------+---------+-------+---------
           D:1 |       0 |      39 |   0.0 |       0 |      26 |   0.0 |   833
           D:2 |       0 |      81 |   0.0 |       0 |      25 |   0.0 |   941
           D:3 |       0 |      43 |   0.0 |       0 |       6 |   0.0 |   156
               +---------+---------+-------+---------+---------+-------+---------
